AoeStats
← Lord Tiquira

Arena

505908259Analyzed
2v2 RM · 22d ago on Sep 11, 2026· 19m 23s· 4 players
Game mode
Random Map
Map size
Medium (4 player)
Population
200
Speed
Normal
Resources
Standard
Victory
Conquest
Starting age
Dark Age
Ending age
Imperial Age
RankedLock teamsTeams togetherTeam positionsShared explorationLock speedFull tech treeHidden civsTurbo modeCheats
Victory
Defeat
🇨🇳 Cumans · China
1022
+15
🇨🇳 Franks · China
1022
+15
🇦🇺 Goths · Australia
1016
-15
🇧🇷 Bohemians · Brazil
997
-15
Lord Tiquira
8:54 Loom
11:06 Feudal Age
16:44 Castle Age
15:09 Double-Bit Axe
17:29 Scale Barding Armor
18:19 Bow Saw
Vareso
0:46 Loom
11:35 Feudal Age
12:12 Double-Bit Axe
16:38 Castle Age
14:17 Man-at-Arms
15:19 Horse Collar
1109919864
10:28 Feudal Age
13:40 Scale Mail Armor
14:59 Forging
19:43 Double-Bit Axe
饱受摧残的萌新
5:52 Loom
10:00 Feudal Age
12:17 Double-Bit Axe
14:24 Scale Barding Armor
Connection lost

Rejoining the realm…

Still unreachable

The connection could not be restored.

Session expired

The server has moved on; the page needs a fresh start.